AoeStats
← Salamander

Oasis

509403740Analyzed
4v4 RM · 5d ago on Sep 26, 2026· 32m 42s· 8 players
Game mode
Random Map
Map size
Large (8 player)
Population
200
Speed
Normal
Resources
Standard
Victory
Conquest
Starting age
Dark Age
Ending age
Imperial Age
RankedLock teamsTeams togetherTeam positionsShared explorationLock speedFull tech treeHidden civsTurbo modeCheats
Victory
Defeat
🇵🇦 Maya · Panama
1321
+11
🇵🇱 Japanese · Poland
1209
+16
🇲🇽 Wei · Mexico
1187
+17
🇨🇱 Saxons · Chile
1113
+21
🇦🇷 Saracens · Argentina
1251
-18
🇧🇩 Hindustanis · Bangladesh
1224
-17
🇮🇳 Varangians · India
1198
-16
🇨🇳 Magyars · China
1158
-14
I Raided Riley
3:06 Loom
7:45 Loom
10:20 Feudal Age
11:53 Fletching
15:57 Padded Archer Armor
18:02 Horse Collar
25:49 Castle Age
26:09 Crossbowman
26:53 Bodkin Arrow
28:39 Thumb Ring
28:26 Double-Bit Axe
28:52 Heavy Plow
31:48 Ballistics
ACI La Más Feudal
5:25 Loom
12:07 Feudal Age
13:03 Feudal Age
14:13 Double-Bit Axe
14:16 Horse Collar
16:46 Castle Age
19:10 Scale Barding Armor
19:23 Bloodlines
30:16 Husbandry
Kronos_JR
0:27 Loom
9:18 Feudal Age
10:07 Double-Bit Axe
14:39 Fletching
18:47 Padded Archer Armor
22:17 Castle Age
21:37 Wheelbarrow
23:17 Bodkin Arrow
23:08 Crossbowman
24:17 Thumb Ring
26:09 Horse Collar
28:54 Bow Saw
28:51 Heavy Plow
28:46 Gold Mining
29:31 Ballistics
29:47 Leather Archer Armor
LuxoAlberto
10:21 Loom
12:40 Feudal Age
13:16 Double-Bit Axe
13:42 Arson
14:12 Horse Collar
17:08 Forging
17:08 Man-at-Arms
20:42 Scale Mail Armor
23:45 Castle Age
24:13 Gambesons
24:29 Squires
23:50 Long Swordsman
24:54 Pikeman
27:38 Chain Mail Armor
28:46 Iron Casting
32:27 Town Watch
Salamander
9:50 Feudal Age
10:42 Double-Bit Axe
14:20 Scale Barding Armor
14:35 Bloodlines
15:55 Forging
17:44 Horse Collar
20:49 Wheelbarrow
21:19 Loom
24:52 Castle Age
24:24 Gold Mining
25:43 Light Cavalry
26:23 Husbandry
26:49 Chain Barding Armor
Kamrul007
7:43 Loom
11:46 Feudal Age
17:04 Castle Age
19:14 Bloodlines
20:43 Town Watch
28:35 Scale Mail Armor
29:25 Forging
30:02 Murder Holes
Yee
11:18 Feudal Age
16:12 Castle Age
14:17 Double-Bit Axe
14:39 Horse Collar
15:55 Scale Barding Armor
20:11 Husbandry
22:11 Loom
23:13 Chain Barding Armor
24:29 Bloodlines
Funeato
8:59 Loom
10:49 Feudal Age
11:57 Double-Bit Axe
14:49 Fletching
17:35 Padded Archer Armor
24:49 Castle Age
23:39 Gold Mining
24:51 Crossbowman
26:17 Bodkin Arrow
27:04 Thumb Ring
28:44 Leather Archer Armor
29:04 Horse Collar
Connection lost

Rejoining the realm…

Still unreachable

The connection could not be restored.

Session expired

The server has moved on; the page needs a fresh start.